 Dungeon Crawl Stone Soup version 0.31-a0-1008-g5b978dac0e (webtiles) character file.

Game seed: 5791555044485888758

640 Queen the Magician (level 7, -5/36 HPs)
             Began as a Deep Elf Air Elementalist on Nov 13, 2023.
             Slain by a wyvern zombie (12 damage)
             ... in an ossuary.
             The game lasted 00:16:12 (5320 turns).

Queen the Magician (Deep Elf Air Elementalist)      Turns: 5320, Time: 00:16:12

Health: -5/36      AC:  4    Str:  5    XL:     7   Next: 26%
Magic:  0/17       EV: 19    Int: 22    God:
Gold:   271        SH:  0    Dex: 15    Spells: 6/16 levels left

rFire   . . .        l - +4 club (spect)
rCold   . . .        (no shield)
rNeg    . . .        a - +0 robe
rPois   .            h - +0 helmet
rElec   .            d - +0 cloak
rCorr   .            (no gloves)
SInv    .            (no boots)
Will    .....        p - amulet of guardian spirit
Stlth   +++          e - +5 ring of evasion
HPRegen 0.26/turn    m - ring of flight
MPRegen 0.15/turn

%: guardian spirit
@: flying
A: no striking features
a: no special abilities


You were in an ossuary.
You visited 1 branch of the dungeon, and saw 5 of its levels.
You also visited: Ossuary.

You collected 271 gold pieces.

Inventory:

Hand Weapons
 l - a +4 spectral club (weapon)
Armour
 a - a +0 robe (worn)
 d - a +0 cloak (worn)
 h - a +0 helmet (worn)
Jewellery
 b - an amulet of reflection
 e - a +5 ring of evasion (left hand)
 k - a +4 ring of slaying
 m - a ring of flight (right hand)
 p - an amulet of guardian spirit (around neck)
 q - a +6 ring of strength
 r - a +5 ring of evasion
Scrolls
 g - 2 scrolls of fear
 i - 2 scrolls of teleportation
 j - a scroll of blinking {unknown}
 s - a scroll of fog {unknown}
 u - a scroll of enchant armour {unknown}
Potions
 c - a potion of haste {unknown}
 f - a potion of berserk rage {unknown}
 n - a potion of curing {unknown}
 o - 2 potions of enlightenment {unknown}
 t - a potion of brilliance {unknown}


   Skills:
 + Level 4.8 Dodging
 + Level 5.1 Stealth
 + Level 5.4 Spellcasting
 - Level 4.0 Conjurations
 + Level 4.5 Air Magic


You had 6 spell levels left.
You knew the following spells:

 Your Spells              Type           Power      Damage    Failure   Level
a - Shock                 Conj/Air       96%        1d9       1%          1
b - Static Discharge      Conj/Air       48%        3-5/arc   2%          2
c - Swiftness             Air            26%        N/A       4%          3
d - Airstrike             Air            13%        2d(2-18)  14%         4

Your spell library contained the following spells:

 Spells                   Type           Power      Damage    Failure   Level
 Magic Dart               Conj           92%        1d7       1%          1
 Mephitic Cloud           Conj/Pois/Air  18%        N/A       9%          3
 Call Imp                 Summ           12%        N/A       14%         2


Dungeon Overview and Level Annotations

Branches:
Dungeon (5/15)            Ossuary (1/1)
 Temple: D:4-7

Altars:
Yredelemnul
The Shining One

Shops:
D:4 :

Annotations:
D:1 exclusion: downstairs
D:2 exclusion: 2 downstairs
D:3 exclusion: sky beast, Terence


Message History

You are struck by an arc of lightning.
The howler monkey zombie is struck by an arc of lightning.
The howler monkey zombie is heavily damaged.
The lightning grounds out.
The howler monkey zombie misses you.
The wyvern zombie completely misses you.
Casting: Static Discharge (safe; 2% risk of failure)
Confirm with . or Enter, or press ? or * to list all spells.
The howler monkey zombie is struck by an arc of lightning.
The howler monkey zombie is severely damaged.
The wyvern zombie is struck by an arc of lightning.
The wyvern zombie is lightly damaged.
The lightning grounds out.
The wyvern zombie is struck by an arc of lightning.
The wyvern zombie is moderately damaged.
The howler monkey zombie is struck by an arc of lightning!
You destroy the howler monkey zombie!
You are struck by an arc of lightning.
The wyvern zombie is struck by an arc of lightning.
The wyvern zombie is moderately damaged.
The lightning grounds out.
The wyvern zombie completely misses you.
Training target 4.0 for Conjurations reached!
Your Conjurations skill increases to level 4!
You completely miss the wyvern zombie.
The wyvern zombie is moderately damaged.
Your +4 spectral club completely misses the wyvern zombie.
A killer bee zombie comes into view.
The wyvern zombie bites you! x2
The killer bee zombie moves out of view.
You hit the wyvern zombie.
The wyvern zombie is moderately damaged.
Your +4 spectral club hits the wyvern zombie.
The wyvern zombie bites you.
You hit the wyvern zombie.
The wyvern zombie is heavily damaged.
Your +4 spectral club hits the wyvern zombie.
The wyvern zombie bites you!
* * * LOW HITPOINT WARNING * * *
The wyvern zombie bites you!
You die...

## #####
##...#M(@#
#~~≈~~.Z.#
≈#.~~#..∩#
#~~~ #####
≈#


You could see a mummy, a wyvern zombie and a friendly +4 spectral club.

Vanquished Creatures
  An ogre (D:4)
  A phantom (D:4)
  A howler monkey (D:4)
  A crimson imp (D:3)
  An orc priest (D:4)
  A sleepcap (D:4)
  An orc wizard (D:4)
  Natasha (thrice) (D:3)
  A mummy (Ossuary)
  A howler monkey zombie (Ossuary)
  Robin (D:2)
  3 gnolls (D:3)
  5 adders
  A white imp (D:5)
  3 worms
  A dart slug (D:1)
  11 orcs
  5 endoplasms
  3 giant cockroaches
  12 goblins
  11 hobgoblins
  9 kobolds
  5 quokkas
  11 ball pythons
  8 bats
  A frilled lizard (D:1)
  A goblin skeleton (D:3)
  2 goblin zombies (D:3)
  A hobgoblin zombie (D:3)
  A kobold skeleton (D:3)
  3 kobold zombies
  An orc skeleton (D:3)
  3 orc zombies (D:3)
  9 rats
123 creatures vanquished.

Notes
Turn   | Place    | Note
-------+----------+-------------------------------------------
     0 | D:1      | Queen the Deep Elf Air Elementalist began the quest for the
                  | Orb.
     0 | D:1      | Reached XP level 1. HP: 10/10 MP: 6/6
   244 | D:1      | Reached XP level 2. HP: 13/15 MP: 4/8
   690 | D:1      | Learned a level 2 spell: Static Discharge
  1140 | D:2      | Reached XP level 3. HP: 19/19 MP: 3/9
  1250 | D:2      | Learned a level 3 spell: Swiftness
  1252 | D:2      | Found a faded altar of an unknown god.
  1505 | D:2      | Noticed Robin
  1526 | D:2      | Killed Robin
  1684 | D:2      | Reached XP level 4. HP: 24/24 MP: 8/11
  2460 | D:2      | Found a faded altar of an unknown god.
  2646 | D:3      | Noticed a sky beast
  2690 | D:3      | Learned a level 4 spell: Airstrike
  2771 | D:3      | Noticed Natasha
  2891 | D:3      | Killed Natasha
  2998 | D:3      | Noticed Natasha
  3000 | D:3      | Reached XP level 5. HP: 28/28 MP: 10/13
  3003 | D:3      | Killed Natasha
  3128 | D:3      | Found a basalt altar of Yredelemnul.
  3281 | D:3      | Found a glowing golden altar of the Shining One.
  3442 | D:3      | Noticed Terence
  3790 | D:3      | Noticed Natasha
  3822 | D:3      | Killed Natasha
  4263 | D:4      | Found Fumit's Book Shop.
  4266 | D:4      | Reached XP level 6. HP: 32/32 MP: 11/14
  4503 | D:4      | Reached skill level 5 in Spellcasting
  4718 | D:4      | Reached XP level 7. HP: 36/36 MP: 12/16
  4911 | D:4      | Reached skill level 5 in Stealth
  5297 | D:5      | Entered Level 5 of the Dungeon
  5297 | D:5      | Found a sand-covered staircase.
  5306 | Ossuary  | Entered an ossuary
  5320 | Ossuary  | Slain by a wyvern zombie

Illustrated notes

Levels and vault maps discovered:
D:1:      dpeg_arrival_ternary, layout_basic
D:2:      layout_basic, ebering_ecumenical_altar_hall, minmay_tromino_v4_c,
          uniq_robin
D:3:      layout_basic, nicolae_tso_besieged_by_evil,
          mainiacjoe_overflow_cross_hatched, grunt_ministairs_7,
          kennysheep_flooded_box, minmay_misc_feat_doors, uniq_natasha,
          uniq_terence
D:4:      layout_basic, serial_shops, shop
D:5:      layout_loops_cross, nemelex_spade_bored_becter,
          nicolae_dithmenos_shadow_blocks,
          nicolae_gozag_cash_rules_everything_around_me,
          nicolae_uskayaw_murder_on_the_dancefloor, enter_ossuary_3
Ossuary:  ossuary_zaba_flooded

Skill      XL: |  1  2  3  4  5  6  7 |
---------------+----------------------+-----
Stealth        | 3 4 5 |  5.1
Dodging        | 3 4 |  4.8
Conjurations   | 2 3 4 |  4.0
Spellcasting   | 4 5 |  5.4
Air Magic      | 4 |  4.5

Action                     |  1- 3 |  4- 6 |  7- 9 || total
---------------------------+-------+-------+-------++-------
  Melee: Dagger            |     7 |       |       ||     7
         Club              |       |       |     3 ||     3
   Cast: Shock             |    79 |   132 |    43 ||   254
         Static Discharge  |     3 |    19 |     2 ||    24
    Use: Scroll            |       |     2 |       ||     2
         Potion            |       |     1 |       ||     1
 Armour: Robe              |    15 |    32 |     8 ||    55
  Dodge: Dodged            |    13 |    11 |     3 ||    27

Table legend: (Time is in decaauts)
 A = Elapsed time spent in this place.
 B = Non-inter-level travel time spent in this place.
 C = Inter-level travel time spent in this place.
 D = Time resting spent in this place.
 E = Time spent auto-exploring this place.
 F = Levels seen in this place.
 G = Mean time per level.
                   A        B        C        D        E       F      G
               +--------+--------+--------+--------+--------+-----+--------+
         Total |   5327 |   5040 |    287 |   1540 |   2853 |   6 |  887.8 |
       Dungeon |   5313 |   5026 |    287 |   1540 |   2853 |   5 | 1062.6 |
       Ossuary |     14 |     14 |      0 |      0 |      0 |   1 |   14.0 |
               +--------+--------+--------+--------+--------+-----+--------+

Top non-repeatable levels by time:
     D:2: 1575 daAuts
     D:3: 1519 daAuts
     D:1: 1176 daAuts
     D:4: 1033 daAuts
 Ossuary: 14 daAuts
     D:5: 8 daAuts
